 Dungeon Crawl Stone Soup version 0.22.0 (webtiles) character file.

23 Htamos the Ogre Mage (level 3, 0/33 HPs)
             Began as an Ogre Wizard on Aug 12, 2018.
             Slain by Natasha (1 damage)
             ... on level 2 of the Dungeon.
             The game lasted 00:02:49 (1474 turns).

Htamos the Ogre Mage (Ogre Wizard)                  Turns: 1474, Time: 00:02:49

Health: 0/33       AC:  3    Str: 11    XL:     3   Next: 0%
Magic:  2/8        EV: 10    Int: 20    God:
Gold:   40         SH:  0    Dex:  7    Spells: 9/10 levels left

rFire    . . .     SeeInvis .   k - +0 dagger
rCold    . . .     Gourm    .   (no shield)
rNeg     . . .     Faith    .   a - +0 robe
rPois    .         Spirit   .   b - +0 hat
rElec    .         Reflect  .   (no cloak)
rCorr    .         Harm     .   (gloves unavailable)
MR       .....                  (boots unavailable)
Stlth    +.........             (no amulet)
HPRegen  0.11/turn              (no ring)
MPRegen  0.11/turn              (no ring)

@: very slightly contaminated, slowed, very slow
A: large, unfitting armour, tough skin 1
a: no special abilities


You were on level 2 of the Dungeon.
You were near starving.

You visited 1 branch of the dungeon, and saw 2 of its levels.

You collected 40 gold pieces.

Inventory:

Hand Weapons
 c - a +0 club
 k - a +0 dagger (weapon)
Missiles
 h - 28 stones (quivered)
Armour
 a - a +0 robe (worn)
 b - a +0 hat (worn)
Scrolls
 e - a scroll of teleportation {unknown}
 f - a scroll of remove curse {unknown}
 g - a scroll of noise {unknown}
 j - a scroll of identify {unknown}
Comestibles
 d - 2 rations


   Skills:
 + Level 1.2 Fighting
 - Level 1.9 Dodging
 - Level 1.5 Stealth
 * Level 4.1 Spellcasting
 + Level 1.2 Conjurations
   Level 0.8 Summonings
   Level 0.8 Translocations


You had 9 spell levels left.
You knew the following spells:

 Your Spells              Type           Power        Failure   Level  Hunger
a - Magic Dart            Conj           #...         8%          1    None

Your spell library contained the following spells:

 Spells                   Type           Power        Failure   Level  Hunger
 Conjure Flame            Conj/Fire      #.......     28%         3    ###....
 Slow                     Hex            #.......     19%         2    #......
 Mephitic Cloud           Conj/Pois/Air  #.......     32%         3    ###....
 Blink                    Tloc           N/A          14%         2    #......
 Call Imp                 Summ           #.......     14%         2    #......


Dungeon Overview and Level Annotations

Branches:
Dungeon (2/15)

Altars:

Annotations:
D:2 Natasha


Innate Abilities, Weirdness & Mutations

You are too large for most types of armour.
You have tough skin. (AC +1)


Message History

* * * LOW HITPOINT WARNING * * *
You hit Natasha but do no damage.
Natasha is heavily wounded.
Natasha claws you but does no damage.
The shadow imp shouts, "Scamper home, thou canting folly-fallen serf!"
The shadow imp closely misses you. Natasha claws you!
* * * LOW HITPOINT WARNING * * *
The shadow imp completely misses you. The shadow imp hits you.
* * * LOW HITPOINT WARNING * * *
You hit Natasha.
Natasha is almost dead.
Natasha closely misses you. The shadow imp hits you.
* * * LOW HITPOINT WARNING * * *
The shadow imp hits you.
* * * LOW HITPOINT WARNING * * *
Unknown command.
You hit Natasha but do no damage.
Natasha is almost dead.
Natasha claws you.
You die...

##.........
###.........
...........#
##.........
..........#
#........#
.#........#
.......h5.####.>
.......5@.......
........#....###
....##.##..[...#
... #. ..###..
.. .. ..# . .
##. ..# #. ...
...


You could see Natasha and 2 shadow imps.

Vanquished Creatures
  2 dart slugs (D:1)
  A leopard gecko (D:1)
  A bat (D:1)
  2 giant cockroaches (D:1)
  3 goblins (D:1)
  2 hobgoblins (D:1)
  2 kobolds (D:1)
  A frilled lizard (D:1)
  3 rats (D:1)
17 creatures vanquished.

Notes
Turn   | Place    | Note
-------+----------+-------------------------------------------
     0 | D:1      | Htamos the Ogre Wizard began the quest for the Orb.
     0 | D:1      | Reached XP level 1. HP: 16/16 MP: 5/5
   237 | D:1      | Reached skill level 1 in Conjurations
   277 | D:1      | Reached XP level 2. HP: 13/26 MP: 0/6
   730 | D:1      | Reached skill level 1 in Fighting
   730 | D:1      | Reached skill level 4 in Spellcasting
  1096 | D:1      | Reached XP level 3. HP: 12/33 MP: 6/8
  1453 | D:2      | Noticed Natasha
  1473 | D:2      | HP: 1/33 [shadow imp[Natasha] (2)]
  1474 | D:2      | Slain by Natasha

Skill      XL: |  1  2 |
---------------+-------+-----
Conjurations   | 1 |  1.2
Fighting       | 1 |  1.2
Spellcasting   | 4 |  4.1
Dodging        | |  1.9
Stealth        | |  1.5
Summonings     | |  0.8
Translocations | |  0.8

Action                   || total
-------------------------++-------
Melee: Unarmed           ||    19
       Club              ||     2
       Dagger            ||     9
 Cast: Magic Dart        ||    57
  Use: Potion            ||     1
Armor: Robe              ||    15
Dodge: Dodged            ||    20
